 Dungeon Crawl Stone Soup version 0.31-a0-358-gac0dbeb3ab (webtiles) character file.

Game seed: 2053103121966543706

38 senseless the Shooter (level 3, -5/21 HPs)
             Began as a Deep Elf Hunter on July 25, 2023.
             Slain by a gnoll
             ... wielding a +0 flail
              (7 damage)
             ... on level 2 of the Dungeon.
             The game lasted 00:01:32 (1022 turns).

senseless the Shooter (Deep Elf Hunter)             Turns: 1022, Time: 00:01:33

Health: -5/21      AC:  3    Str:  8    XL:     3   Next: 25%
Magic:  0/5        EV: 13    Int: 13    God:
Gold:   74         SH:  0    Dex: 20    Spells: 2/2 levels left

rFire   . . .        a - +0 shortbow
rCold   . . .        (shield currently unavailable)
rNeg    . . .        c - +0 leather armour
rPois   .            (no helmet)
rElec   .            (no cloak)
rCorr   .            (no gloves)
SInv    .            (no boots)
Will    .....        k - amulet of guardian spirit
Stlth   ++           (no ring)
HPRegen 0.23/turn    (no ring)
MPRegen 0.09/turn

%: guardian spirit
@: no status effects
A: no striking features
a: no special abilities


You were on level 2 of the Dungeon.
You visited 1 branch of the dungeon, and saw 2 of its levels.

You collected 74 gold pieces.

Inventory:

Hand Weapons
 a - a +0 shortbow (weapon)
Armour
 c - a +0 leather armour (worn)
Jewellery
 k - an amulet of guardian spirit (around neck)
Talismans
 j - a beast talisman
Scrolls
 b - a scroll of butterflies
 e - a scroll of amnesia {unknown}
 g - a scroll of identify {unknown}
 h - a scroll of enchant weapon {unknown}
 i - 3 scrolls of immolation {unknown}
Potions
 d - a potion of might {unknown}
 f - a potion of brilliance {unknown}
 l - a potion of attraction {unknown}


   Skills:
 + Level 2.0 Fighting
 + Level 5.7 Ranged Weapons
 + Level 3.1 Dodging
 + Level 2.3 Stealth


You had 2 spell levels left.
You didn't know any spells.
Your spell library was empty.

Dungeon Overview and Level Annotations

Branches:
Dungeon (2/15)

Altars:


Message History

You shoot an arrow.
The arrow completely misses the ball python.
You shoot an arrow.
The arrow completely misses the ball python.
The ball python closely misses you. The ball python barely misses you.
A gnoll comes into view. It is wielding a +0 halberd.
You shoot an arrow.
The arrow closely misses the ball python.
The ball python closely misses you. The ball python barely misses you.
The gnoll barely misses you. The ball python barely misses you.
The ball python grabs you. The ball python constricts you.
The gnoll closely misses you.
You escape the ball python's grasp.
The ball python attacks as you move away!
The ball python barely misses you. The ball python misses you.
You shoot an arrow. The arrow hits the ball python.
You kill the ball python!
The gnoll misses you.
You shoot an arrow. The arrow hits the gnoll!
The gnoll is heavily wounded.
The gnoll hits you from afar with a +0 halberd!
You shoot an arrow. The arrow hits the gnoll.
You kill the gnoll!
Your Fighting skill increases to level 2!
You have reached level 3!
Your experience leads to an increase in your attributes!
Increase (S)trength, (I)ntelligence, or (D)exterity?
You feel agile. x2
You shoot an arrow. The arrow hits the gnoll!
The gnoll is heavily wounded.
You shoot an arrow.
The arrow hits the gnoll but does no damage.
The gnoll is heavily wounded.
The gnoll barely misses you. The gnoll closely misses you.
You shoot an arrow. The arrow completely misses the gnoll.
The arrow closely misses the gnoll.
The gnoll hits you from afar with a +0 halberd!
* * * LOW HITPOINT WARNING * * *
The gnoll barely misses you. x2; The gnoll hits you with a +0 flail!
You die...

####### # #.....#
)..
#####.###.###.....
#.....@gg.....†...
##.###†#####.#.....
##..# #.# .# ..!
#..## #.# .# # #.##
#.# .# ###.#####.#
.. #..)......# ..
#.##.###### ..
#.##.#


You could see 2 gnolls.

Vanquished Creatures
  A gnoll (D:2)
  A worm (D:1)
  7 ball pythons
  An endoplasm (D:2)
  A giant cockroach (D:1)
  A goblin (D:1)
  A hobgoblin (D:1)
  2 jackals (D:2)
  4 kobolds (D:1)
  2 quokkas (D:1)
  A bat (D:1)
  A frilled lizard (D:1)
  A rat (D:2)
24 creatures vanquished.

Notes
Turn   | Place    | Note
-------+----------+-------------------------------------------
     0 | D:1      | senseless the Deep Elf Hunter began the quest for the Orb.
     0 | D:1      | Reached XP level 1. HP: 12/12 MP: 3/3
   278 | D:1      | Reached XP level 2. HP: 17/17 MP: 4/4
  1020 | D:2      | Reached XP level 3. HP: 11/21 MP: 1/5
  1022 | D:2      | Slain by a gnoll

Illustrated notes

Levels and vault maps discovered:
D:1:      tarquinn_simple_flora_water_a, layout_basic
D:2:      layout_basic, shapermc_ecumenical_altar_ellora

Skill      XL: |  1  2 |
---------------+-------+-----
Stealth        | 2 |  2.3
Dodging        | 3 |  3.1
Fighting       | 2 |  2.0
Ranged Weapons | |  5.7

Action                     || total
---------------------------++-------
   Fire: Shortbow          ||    71
 Armour: Leather armour    ||     2
  Dodge: Dodged            ||    23

Table legend: (Time is in decaauts)
 A = Elapsed time spent in this place.
 B = Non-inter-level travel time spent in this place.
 C = Inter-level travel time spent in this place.
 D = Time resting spent in this place.
 E = Time spent auto-exploring this place.
 F = Levels seen in this place.
 G = Mean time per level.
                   A        B        C        D        E       F      G
               +--------+--------+--------+--------+--------+-----+--------+
         Total |   1035 |    985 |     50 |     44 |    787 |   2 |  517.5 |
       Dungeon |   1035 |    985 |     50 |     44 |    787 |   2 |  517.5 |
               +--------+--------+--------+--------+--------+-----+--------+

Top non-repeatable levels by time:
     D:1: 913 daAuts
     D:2: 121 daAuts
